Map: Graystone Ravine

Players

Ekelpack

  • Race: Zerg Zerg
  • Spawn Location: 11:00

Nyck

  • Race: Terran Terran
  • Spawn Location: 9:00

Frostmourne - Winner!

  • Race: Protoss Protoss
  • Spawn Location: 5:00

Nezis - Winner!

  • Race: Protoss Protoss
  • League: Master
  • Spawn Location: 3:00

VOD

Have the link to the VOD?

Description

Time

  • Played on: Oct. 2, 2024, 2:51 p.m.
  • Length: 15:45
Show
View Real Time Build Order
Export as new Build Order

Ekelpack Zerg 

Build Orders: Hatch First 

Get SALT Encoding   

  12  0:00  Drone  
  13  0:13  Overlord  
  13  0:17  Drone  
  14  0:32  Drone x2  
  16  0:53  Hatchery, Drone  
  16  1:06  Spawning Pool  
  16  1:09  Drone  
  16  1:12  Extractor  
  16  1:18  Drone x2  
  17  1:24  Drone  
  18  1:36  Drone  
  19  1:45  Drone  
  20  1:55  Queen  
  22  2:04  Queen  
  22  2:06  Overlord  
  24  2:09  Drone  
  24  2:12  Drone  
  27  2:15  Drone  
  27  2:21  Drone  
  28  2:26  Drone  
  29  2:36  Lair  
  29  2:39  Drone  
  29  2:40  Drone x2  
  32  2:47  Queen  
  32  2:50  Overlord  
  34  2:55  Drone  
  35  3:00  Drone  
  35  3:01  Extractor  
  35  3:02  Drone  
  36  3:06  Extractor  
  36  3:09  Drone x2  
  36  3:10  Drone, Extractor  
  37  3:13  Drone  
  37  3:16  Overlord  
  38  3:22  Drone x3  
  41  3:35  Drone  
  41  3:40  Spire  
  41  3:48  Drone  
  42  3:50  Overlord  
  42  3:51  Overlord  
  42  3:55  Drone  
  43  4:05  Overlord  
  43  4:28  Drone x3  
  43  4:29  Drone x2  
  48  4:35  Hatchery  
  47  4:55  Zerg Flyer Weapons Level 1  
  47  4:57  Mutalisk x5  
  47  4:58  Mutalisk x5  
  67  5:30  Overlord x3  
  67  5:33  Drone  
  68  5:39  Overlord  
  68  5:48  Infestation Pit  
  67  5:50  Zergling x4  
  67  5:51  Zergling x12  
  75  6:07  Zergling x4  
  75  6:08  Zergling x6  
  80  6:22  Extractor  
  75  6:36  Mutalisk x5  
  75  6:37  Mutalisk x3  
  89  6:46  Overlord  
  89  6:48  Drone x2  
  89  6:58  Zerg Flyer Weapons Level 2, Hive  
  87  7:03  Metabolic Boost  
  87  7:04  Overseer, Evolution Chamber  
  87  7:05  Overseer  
  87  7:06  Zergling x2, Evolution Chamber  
  87  7:07  Zergling x6  
  89  7:32  Zergling x4  
  89  7:33  Zergling x10  
  89  7:34  Drone  
  89  7:35  Drone x3  
  100  7:39  Extractor  
  99  7:45  Zerg Melee Weapons Level 1  
  99  7:46  Zerg Ground Armor Level 1  
  96  8:20  Drone x3  
  98  8:31  Ultralisk Cavern  
  98  8:33  Overlord x3  
  97  8:37  Drone  
  98  8:51  Hatchery  
  97  8:58  Drone x3  
  100  9:07  Overlord x2  
  100  9:11  Overlord  
  100  9:12  Overlord x2  
  100  9:20  Ultralisk x3  
  100  9:21  Ultralisk x2  
  100  9:22  Overlord  
  130  9:26  Overlord x2  
  130  9:50  Zerg Flyer Weapons Level 3  
  130  10:09  Ultralisk  
  130  10:10  Ultralisk x2  
  148  10:16  Corruptor  
  126  10:36  Zerg Melee Weapons Level 2  
  126  10:37  Zerg Ground Armor Level 2  
  126  10:38  Chitinous Plating  
  118  11:06  Drone x5  
  118  11:07  Drone x4  
  126  11:46  Extractor x2  
  124  11:49  Ultralisk x2  
  124  11:50  Ultralisk x4  
  145  12:02  Zergling x8  
  145  12:03  Zergling x12  
  145  12:04  Zergling x2  
  132  12:36  Hydralisk Den  
  123  12:51  Overseer x3  
  121  13:12  Hydralisk x7  
  121  13:13  Hydralisk x7  
  121  13:14  Hydralisk x3  
  121  13:16  Grooved Spines  
  147  13:25  Mutalisk x3  
  147  13:26  Hydralisk  
  152  13:27  Zergling x2  
  152  13:28  Zergling x2  
  152  13:33  Hydralisk x2  
  158  13:42  Overseer  
  156  13:52  Overlord  
  156  13:53  Overlord x6  
  156  13:54  Overlord  
  140  14:10  Pneumatized Carapace  
  140  14:14  Muscular Augments  
  138  14:21  Overlord x6  
  138  14:43  Overlord x2  
  115  15:23  Overlord x3  
Show
View Real Time Build Order
Export as new Build Order

Nyck Terran 

Build Orders: Reaper Expand 

Get SALT Encoding   

  12  0:00  SCV  
  13  0:12  SCV  
  14  0:17  Supply Depot  
  14  0:24  SCV  
  15  0:39  SCV  
  15  0:40  Barracks  
  16  0:50  Refinery  
  16  0:51  SCV  
  17  1:03  SCV  
  18  1:15  SCV  
  19  1:30  Command Center  
  19  1:34  Reaper  
  20  1:41  Orbital Command  
  20  1:55  Refinery  
  20  2:01  Supply Depot  
  20  2:11  SCV  
  21  2:24  SCV  
  21  2:29  Barracks  
  22  2:54  SCV  
  23  3:07  SCV  
  24  3:19  SCV  
  25  3:20  SCV  
  26  3:52  SCV  
  26  3:54  SCV  
  28  4:04  SCV  
  28  4:06  SCV  
  30  4:17  Refinery  
  30  4:18  SCV  
  30  4:20  Refinery  
  30  4:23  Command Center  
  31  4:24  Barracks  
  30  4:34  Orbital Command  
  30  4:37  SCV  
  31  4:49  SCV  
  32  5:01  SCV  
  33  5:09  Engineering Bay  
  33  5:10  SCV  
  33  5:13  Barracks  
  33  5:14  SCV  
  35  5:18  Barracks Tech Lab  
  35  5:20  Barracks Tech Lab, Barracks Reactor  
  35  5:23  SCV  
  35  5:26  SCV  
  37  5:35  SCV  
  38  5:36  Engineering Bay  
  38  5:38  SCV  
  39  5:43  Command Center  
  39  5:47  SCV  
  40  5:50  SCV  
  40  5:55  Terran Infantry Weapons Level 1  
  41  5:57  Marine x2  
  41  5:58  Marine x2  
  41  5:59  SCV  
  41  6:02  SCV  
  45  6:08  SCV  
  45  6:11  SCV  
  43  6:14  SCV  
  43  6:15  Marine x2  
  39  6:20  SCV  
  39  6:23  SCV  
  34  6:26  SCV  
  34  6:52  Orbital Command  
  34  6:54  Missile Turret  
  34  6:56  Missile Turret  
  34  6:57  SCV x2  
  25  7:15  Missile Turret  
  25  7:16  Missile Turret  
  25  7:25  SCV x3  
  25  7:28  Terran Infantry Armor Level 1  
  27  7:40  Missile Turret  
  27  7:43  Marine x4, Missile Turret  
  27  7:44  Marine  
  17  8:00  Marine  
  17  8:01  Marine x3  
  20  8:07  Marine  
  19  8:18  Marine x2  
  19  8:19  Marine  
  22  8:22  SCV x2  
  24  8:31  Marine x2  
  24  8:33  Stimpack  
  26  8:34  SCV x2  
  26  8:35  Combat Shield  
  28  8:46  SCV x2  
  30  8:58  SCV x2  
  30  9:02  Command Center  
  35  9:10  SCV, Reaper x2  
  35  9:11  SCV, Reaper  
  35  9:13  Reaper x2  
  39  9:23  SCV x2  
  41  9:35  SCV x2  
  43  9:42  Reaper x2  
  43  9:43  Reaper  
  45  9:47  SCV x2  
  47  10:32  Command Center  
  47  10:39  Marine  
  47  10:40  Marine  
  46  10:43  Marine  
  46  10:45  SCV, Marine  
  46  10:47  SCV, Marine  
  46  11:28  Command Center  
  46  11:38  SCV  
  46  11:40  Marine  
  46  11:43  SCV, Marine x4  
  46  11:50  SCV  
  36  11:55  SCV  
  36  11:58  Marine  
  36  12:01  Marine x3  
  37  12:02  SCV  
  37  12:08  SCV  
  42  12:14  SCV  
  42  12:15  Factory  
  40  12:20  SCV  
  41  12:26  SCV  
  42  12:32  SCV  
  43  12:38  SCV  
  44  12:44  SCV  
  44  12:49  SCV  
  44  12:50  SCV  
  47  12:56  SCV  
  28  13:54  SCV x2  
  29  14:17  Supply Depot  
  28  14:44  Barracks  
  28  14:54  Command Center  
  28  15:39  Supply Depot  
Show
View Real Time Build Order
Export as new Build Order

Frostmourne Protoss - Winner!

Build Orders: 1 Gate Expand 

Get SALT Encoding   

  12  0:00  Probe  
  13  0:13  Probe  
  14  0:25  Probe  
  14  0:26  Pylon  
  15  0:44  Probe  
  15  0:45  Gateway  
  16  0:57  Probe  
  17  1:11  Nexus  
  17  1:21  Pylon  
  17  1:38  Cybernetics Core  
  17  1:43  Pylon  
  17  1:47  Probe  
  18  1:57  Assimilator  
  18  1:59  Probe (Chrono Boost)  
  19  2:01  Assimilator  
  19  2:08  Pylon  
  19  2:10  Probe (Chrono Boost)  
  19  2:15  Probe (Chrono Boost)  
  23  2:24  Probe (Chrono Boost)  
  23  2:26  Probe (Chrono Boost)  
  25  2:34  Probe (Chrono Boost)  
  25  2:35  Probe (Chrono Boost)  
  25  2:49  Probe x2  
  27  3:01  Probe  
  28  3:16  Probe x2  
  28  3:19  Zealot (Chrono Boost)  
  30  3:20  Stargate  
  30  3:24  Pylon  
  30  3:25  Pylon  
  32  3:27  Shield Battery  
  32  3:32  Shield Battery  
  32  3:38  Probe x2  
  34  3:43  Assimilator, Stargate  
  34  3:46  Assimilator  
  34  3:50  Probe x2  
  36  4:02  Probe  
  36  4:09  Phoenix (Chrono Boost)  
  39  4:21  Probe x2 (Chrono Boost)  
  41  4:31  Probe x2 (Chrono Boost)  
  43  4:36  Probe (Chrono Boost)  
  52  4:49  Void Ray  
  52  4:51  Void Ray  
  53  4:53  Probe (Chrono Boost)  
  53  4:58  Probe (Chrono Boost)  
  54  5:02  Probe (Chrono Boost)  
  54  5:06  Probe (Chrono Boost)  
  56  5:07  Probe (Chrono Boost)  
  56  5:12  Pylon  
  56  5:13  Twilight Council  
  57  5:16  Probe  
  58  5:25  Forge  
  58  5:26  Probe  
  67  5:37  Nexus  
  67  5:43  Pylon  
  67  5:50  Pylon  
  67  5:52  Phoenix x2 (Chrono Boost)  
  63  5:59  Stargate  
  63  6:01  Fleet Beacon, Pylon  
  63  6:10  Phoenix  
  65  6:18  Protoss Air Weapons Level 1  
  63  6:43  Phoenix  
  63  6:44  Phoenix  
  67  6:47  Anion Pulse-Crystals (Chrono Boost)  
  67  6:48  Phoenix  
  69  7:19  Phoenix x2  
  69  7:20  Phoenix  
  75  7:50  Phoenix  
  75  7:51  Phoenix  
  77  8:09  Phoenix  
  79  8:15  Phoenix  
  79  8:16  Phoenix  
  83  8:21  Assimilator  
  83  8:22  Assimilator, Probe x2 (Chrono Boost)  
  83  8:23  Probe (Chrono Boost)  
  83  8:26  Protoss Shields Level 1  
  86  8:31  Charge (Chrono Boost), Probe x2 (Chrono Boost)  
  86  8:32  Probe (Chrono Boost)  
  89  8:36  Warp Gate (Chrono Boost), Probe x3 (Chrono Boost)  
  92  8:47  Probe  
  92  8:48  Probe x2  
  95  8:54  Gateway  
  95  8:55  Gateway  
  95  8:58  Gateway  
  95  9:00  Probe x3  
  95  9:01  Gateway  
  98  9:04  Gateway  
  98  9:05  Pylon  
  98  9:06  Gateway  
  98  9:07  Gateway  
  98  9:10  Photon Cannon  
  98  9:12  Photon Cannon  
  98  9:17  Photon Cannon  
  98  9:19  Probe x3  
  98  9:20  Photon Cannon  
  98  9:21  Phoenix x2  
  98  9:22  Shield Battery  
  105  9:24  Phoenix  
  105  9:25  Shield Battery  
  105  9:29  Shield Battery  
  105  9:31  Probe x3  
  106  10:06  Tempest  
  106  10:07  Tempest x2  
  121  10:19  Protoss Air Weapons Level 2  
  121  10:49  Tempest x2  
  131  11:12  Pylon  
  131  11:14  Pylon  
  131  11:15  Pylon  
  131  11:16  Pylon  
  131  11:17  Pylon  
  131  11:19  Pylon  
  131  11:29  Tempest  
  131  11:31  Assimilator  
  131  11:32  Nexus  
  136  11:39  Unknown  
  130  11:47  Assimilator  
  128  11:59  Zealot x7  
  128  12:00  Zealot  
  143  12:15  Tempest x3  
  140  12:27  Zealot x5  
  140  12:28  Zealot x2  
  140  13:29  Zealot x3  
  140  13:30  Zealot x5  
  140  13:33  Tempest x2  
  140  13:34  Tempest  
  165  14:16  Tempest  
  155  15:05  Zealot x8  
Show
View Real Time Build Order
Export as new Build Order

Nezis Protoss - Winner!

Build Orders:  

Get SALT Encoding   

  12  0:01  Probe  
  13  0:16  Probe  
  14  0:22  Pylon  
  14  0:28  Probe  
  15  0:43  Gateway  
  15  0:45  Pylon  
  15  0:54  Probe (Chrono Boost)  
  17  1:04  Probe (Chrono Boost)  
  17  1:09  Probe (Chrono Boost)  
  18  1:16  Assimilator  
  18  1:18  Assimilator  
  18  1:20  Probe  
  19  1:32  Probe  
  20  1:56  Cybernetics Core  
  20  1:57  Pylon  
  20  2:02  Nexus  
  20  2:04  Pylon  
  20  2:12  Probe (Chrono Boost)  
  22  2:22  Probe (Chrono Boost)  
  22  2:27  Probe (Chrono Boost)  
  23  2:33  Warp Gate (Chrono Boost)  
  23  2:38  Probe  
  23  2:42  Twilight Council  
  23  2:43  Stalker  
  22  3:50  Probe  
  22  3:51  Probe  
  23  4:02  Probe  
  23  4:03  Probe  
  23  4:05  Robotics Facility, Dark Shrine  
  23  4:14  Probe  
  23  4:15  Probe  
  25  4:18  Stalker  
  27  4:26  Probe  
  27  4:27  Probe  
  29  4:36  Gateway  
  29  4:38  Probe  
  29  4:39  Probe  
  29  4:42  Gateway  
  31  4:51  Warp Prism (Chrono Boost), Probe x2  
  35  5:03  Probe (Chrono Boost)  
  35  5:04  Probe (Chrono Boost)  
  37  5:07  Gateway  
  39  5:15  Probe x2 (Chrono Boost)  
  39  5:19  Observer  
  40  5:22  Assimilator  
  40  5:24  Assimilator  
  40  5:49  Dark Templar  
  42  5:51  Zealot  
  42  5:52  Zealot  
  23  6:16  Dark Templar  
  23  6:17  Zealot  
  13  6:33  Dark Templar  
  13  7:01  Probe x2  
  15  7:13  Probe x2  
  13  7:25  Probe  
  13  7:26  Probe, Dark Templar  
  17  7:30  Zealot  
  19  7:37  Probe  
  19  7:38  Probe  
  21  7:49  Probe  
  21  7:50  Probe  
  18  8:34  Probe x2 (Chrono Boost)  
  19  8:44  Probe x2 (Chrono Boost)  
  21  8:48  Stalker  
  21  8:49  Stalker, Probe x2 (Chrono Boost)  
  27  8:58  Blink (Chrono Boost)  
  27  9:00  Probe  
  27  9:01  Probe  
  29  9:12  Probe  
  29  9:13  Probe  
  31  9:24  Probe  
  32  9:59  Stalker x3  
  38  10:00  Stalker  
  34  10:28  Probe  
  34  10:29  Probe  
  35  10:37  Dark Templar  
  35  10:40  Probe  
  35  10:41  Probe  
  39  10:52  Probe  
  39  10:53  Probe  
  39  10:54  Zealot x2  
  45  11:01  Dark Templar  
  47  11:04  Probe  
  47  11:05  Probe  
  49  11:21  Probe (Chrono Boost)  
  49  11:22  Probe (Chrono Boost)  
  51  11:29  Dark Templar  
  51  11:31  Probe (Chrono Boost)  
  54  11:58  Warp Prism  
  54  11:59  Probe x2  
  44  12:11  Probe  
  39  12:36  Shadow Stride (Chrono Boost)  
  39  12:47  Probe (Chrono Boost)  
  39  12:48  Probe (Chrono Boost)  
  41  12:57  Probe x2 (Chrono Boost)  
  41  13:02  Probe x2 (Chrono Boost)  
  41  13:04  Dark Templar  
  41  13:05  Dark Templar x3  
  49  13:13  Probe  
  49  13:14  Probe  
  51  13:25  Probe  
  51  13:26  Probe  
  53  13:39  Dark Templar  
  45  13:50  Zealot x3  
  51  14:17  Dark Templar  
  51  14:20  Nexus  
  51  14:22  Assimilator  
  53  14:25  Pylon  
  53  14:26  Assimilator  
  53  14:27  Pylon  
  53  14:29  Pylon  
  47  14:49  Zealot x4  
  47  15:10  Dark Templar x4  
  55  15:43  Dark Templar x3  
  55  15:44  Dark Templar  
Tags
 
Add a new tag
Caveats
  • Supply blocks, unpowered buildings, or Contaminate may cause inaccurate times.
  • Supply counts are checked every 10 seconds.